Map: Shadowed Jungle

Players

craxx

  • Race: Terran Terran
  • Spawn Location: 5:00

Macaveli

  • Race: Zerg Zerg
  • League: Gold
  • Spawn Location: 7:00

Alphalight - Winner!

  • Race: Terran Terran
  • League: Gold
  • Spawn Location: 1:00

Metasapien - Winner!

  • Race: Zerg Zerg
  • League: Platinum
  • Spawn Location: 11:00

VOD

Have the link to the VOD?

Description

Time

  • Played on: Sept. 18, 2017, 1:27 a.m.
  • Length: 11:34
Show
View Real Time Build Order
Export as new Build Order

craxx Terran 

Build Orders: Command Center First (CC) 

Get SALT Encoding   

  12  0:01  SCV  
  13  0:13  SCV  
  14  1:11  SCV  
  14  1:15  Supply Depot  
  14  1:16  Refinery  
  15  1:32  Command Center  
  15  1:36  SCV  
  16  1:41  Barracks  
  16  1:48  SCV  
  17  2:00  SCV  
  18  2:07  Barracks  
  18  2:12  SCV  
  19  2:16  Barracks  
  19  2:25  SCV  
  19  2:26  Supply Depot  
  20  2:36  Reaper  
  22  2:41  Orbital Command  
  21  2:54  Engineering Bay  
  21  2:58  Refinery  
  21  2:59  Reaper  
  22  3:12  Marine x2  
  24  3:26  Planetary Fortress  
  24  3:30  Marine x2  
  24  3:31  Marine  
  27  3:37  SCV  
  28  3:48  Marine x2  
  28  3:49  SCV, Marine  
  32  4:06  Marine x3  
  35  4:24  Marine  
  36  4:56  Marine x2  
  36  4:57  Marine  
  39  5:03  SCV  
  39  5:04  Factory  
  40  5:10  Missile Turret  
  40  5:11  Missile Turret  
  40  5:15  SCV  
  40  5:20  SCV  
  42  5:23  Marine  
  42  5:24  Marine  
  42  5:27  SCV  
  46  5:30  Barracks Tech Lab  
  46  5:32  SCV  
  46  5:40  Factory  
  46  5:41  Marine  
  46  5:42  Marine  
  48  5:44  SCV  
  49  5:51  Marauder  
  49  5:54  Widow Mine  
  49  5:56  SCV  
  54  6:10  SCV  
  54  6:12  Missile Turret  
  54  6:13  Marine  
  54  6:16  Marine  
  54  6:31  Supply Depot  
  54  6:33  Widow Mine, Marine  
  54  6:34  Marauder, SCV x2, Marine  
  62  6:52  SCV x2, Widow Mine, Marine  
  67  7:04  SCV  
  67  7:05  Factory Tech Lab  
  67  7:07  Barracks Reactor  
  70  7:08  Marauder  
  70  7:32  Starport  
  70  7:35  Siege Tank, SCV, Marine  
  70  7:36  Marauder  
  77  7:43  Stimpack  
  77  7:47  SCV  
  78  7:57  Supply Depot  
  78  8:16  Armory  
  78  8:18  Medivac, SCV, Widow Mine, Marine  
  78  8:19  Marauder, Supply Depot  
  86  8:38  Refinery  
  86  8:40  Siege Tank, SCV  
  86  8:41  Marauder  
  92  8:42  Supply Depot  
  92  8:46  Widow Mine  
  94  9:03  Medivac, SCV  
  94  9:04  Marauder  
  94  9:06  Supply Depot  
  99  9:16  SCV  
  90  9:25  Marauder  
  90  9:28  SCV  
  90  9:29  Supply Depot  
  73  9:40  SCV  
  62  9:49  Marine  
  62  9:50  Marauder, Marine x2  
  65  9:53  Medivac  
  67  10:00  Siege Tank  
  70  10:07  Marine x2  
  70  10:08  Marine  
  70  10:11  Marauder  
  75  10:23  Medivac  
  75  10:25  Marine x3  
  80  10:33  Marauder  
  77  10:43  Marine x2  
  78  10:53  Medivac  
  78  10:54  Marauder  
  63  11:11  Marine x2  
  63  11:12  Marine  
Show
View Real Time Build Order
Export as new Build Order

Macaveli Zerg 

Build Orders: Pool First 

Get SALT Encoding   

  12  0:03  Drone  
  13  0:24  Spawning Pool  
  12  0:28  Drone  
  12  0:30  Drone  
  14  0:39  Overlord  
  14  0:58  Drone x2  
  14  1:01  Drone  
  17  1:15  Queen  
  19  1:26  Extractor  
  19  1:28  Drone x2  
  20  1:42  Zergling x2  
  21  1:51  Zergling x2  
  22  1:59  Overlord  
  22  2:11  Overlord  
  22  2:25  Queen  
  24  2:33  Hatchery  
  23  3:02  Overlord  
  23  3:45  Drone x5  
  23  3:46  Drone  
  29  3:51  Extractor  
  28  4:08  Drone x3  
  28  4:09  Queen  
  33  4:33  Drone  
  33  4:34  Drone x3  
  33  4:37  Drone  
  33  4:38  Drone  
  39  4:41  Drone x3  
  42  5:04  Roach Warren  
  41  5:07  Evolution Chamber  
  40  5:36  Zerg Missile Weapons Level 1  
  40  5:39  Lair  
  40  5:40  Evolution Chamber  
  39  5:51  Drone x2  
  39  5:52  Drone x4  
  39  5:56  Extractor  
  42  5:58  Extractor  
  42  6:01  Roach  
  42  6:02  Roach x4  
  33  6:23  Roach x5  
  43  6:26  Drone  
  43  6:27  Drone x5  
  43  6:30  Queen  
  51  6:36  Zerg Ground Armor Level 1  
  51  6:56  Drone  
  51  6:59  Overlord x2  
  51  7:00  Overlord  
  52  7:17  Queen  
  54  7:25  Infestation Pit  
  54  7:29  Hydralisk Den  
  52  7:43  Roach x2  
  52  7:44  Roach x8  
  68  7:46  Roach  
  68  7:47  Roach x2  
  68  7:50  Zerg Missile Weapons Level 2  
  66  7:52  Pneumatized Carapace  
  62  8:29  Roach x3  
  62  8:30  Roach x4  
  76  8:37  Glial Reconstitution  
  72  9:18  Roach x2  
  72  9:20  Roach  
  72  9:21  Overlord x3  
  72  9:22  Overlord x2  
  48  10:07  Roach  
  48  10:08  Roach x7  
  48  10:09  Hatchery, Roach  
  31  10:38  Roach  
  31  10:39  Roach x4  
  30  10:49  Roach  
  32  10:50  Roach  
Show
View Real Time Build Order
Export as new Build Order

Alphalight Terran - Winner!

Build Orders: Command Center First (CC) 

Get SALT Encoding   

  12  0:03  SCV  
  13  0:15  SCV  
  14  0:27  SCV  
  15  0:48  Command Center  
  15  1:02  Supply Depot  
  15  1:26  SCV  
  15  1:29  Barracks  
  16  1:38  Barracks  
  16  1:39  SCV  
  17  1:44  Refinery  
  17  1:48  Refinery  
  17  1:51  SCV  
  18  1:58  Engineering Bay  
  18  2:02  SCV  
  19  2:26  Refinery  
  19  2:27  Supply Depot  
  19  2:31  Barracks Reactor  
  19  2:32  Refinery  
  19  2:59  Factory  
  19  3:06  Planetary Fortress  
  19  3:15  SCV  
  20  3:29  SCV  
  21  3:44  Starport  
  21  3:50  SCV  
  22  3:57  SCV  
  23  4:15  Widow Mine  
  24  4:17  Marine  
  25  4:25  Marine  
  17  4:47  SCV  
  18  5:03  Factory Tech Lab  
  18  5:05  SCV  
  19  5:08  SCV  
  20  5:27  Planetary Fortress  
  20  5:33  SCV  
  21  5:52  SCV  
  21  5:56  Siege Tank  
  25  6:02  Marine  
  25  6:04  Marine  
  26  6:07  SCV  
  26  6:08  SCV  
  30  6:15  Barracks Tech Lab  
  30  6:18  Starport Reactor  
  29  6:21  SCV  
  29  6:22  SCV  
  31  6:33  SCV  
  31  6:35  Siege Tank, SCV  
  31  6:37  Marine  
  37  6:42  Marine  
  37  6:43  Marine  
  39  6:49  SCV x2  
  41  7:04  SCV  
  41  7:05  SCV, Marine  
  41  7:06  Marine x2  
  46  7:17  Supply Depot  
  46  7:28  Supply Depot  
  46  7:38  Siege Tank, SCV x2, Marine x3  
  54  7:46  Missile Turret  
  54  7:49  Medivac  
  54  7:50  Missile Turret  
  56  7:56  Marine  
  57  8:07  Marine  
  57  8:08  Marauder  
  57  8:11  Stimpack  
  60  8:13  Terran Infantry Weapons Level 1  
  60  8:18  Supply Depot  
  60  8:25  Supply Depot  
  60  8:33  Medivac  
  62  8:39  Medivac, Siege Tank  
  67  8:44  Marauder, Marine  
  67  8:46  Supply Depot, Marine  
  71  9:05  Medivac  
  71  9:08  Marine x3  
  71  9:09  Medivac  
  78  9:10  Supply Depot  
  78  9:12  Siege Tank  
  68  9:37  Marine x2  
  70  10:20  Marauder, Marine x2  
  74  10:21  Siege Tank  
  77  10:50  Viking x2  
  81  11:01  Marauder, Marine x2  
  88  11:14  Barracks  
  88  11:18  Factory  
  88  11:19  Barracks  
Show
View Real Time Build Order
Export as new Build Order

Metasapien Zerg - Winner!

Build Orders: Pool First 

Get SALT Encoding   

  12  0:23  Spawning Pool  
  12  0:24  Drone  
  12  0:36  Drone x2  
  12  0:40  Overlord  
  14  1:03  Drone x2  
  16  1:07  Extractor  
  15  1:11  Drone  
  16  1:27  Hatchery  
  16  1:28  Drone  
  16  1:36  Drone  
  17  1:44  Drone  
  18  1:56  Drone  
  19  2:10  Drone  
  19  2:15  Metabolic Boost  
  20  2:16  Hatchery  
  20  2:22  Drone  
  20  2:25  Overlord  
  20  2:34  Queen  
  22  2:44  Spine Crawler  
  21  2:45  Drone  
  21  2:47  Drone  
  23  2:58  Queen  
  23  3:00  Drone  
  26  3:10  Extractor  
  25  3:18  Zergling x4  
  25  3:19  Zergling x2  
  28  3:20  Drone  
  28  3:23  Drone  
  28  3:25  Drone  
  31  3:39  Drone  
  31  3:40  Drone x2, Roach Warren  
  33  3:47  Queen  
  35  3:49  Drone  
  35  3:54  Drone  
  37  3:56  Drone  
  37  3:58  Drone  
  37  4:00  Drone  
  40  4:12  Drone x2  
  42  4:32  Overlord x3  
  42  4:53  Roach  
  42  4:54  Zergling x6, Roach x2  
  42  4:55  Zergling x6  
  54  5:04  Drone  
  55  5:07  Queen  
  57  5:22  Lair  
  57  5:24  Drone x3  
  57  5:27  Drone x2, Extractor x2  
  60  5:31  Roach  
  60  5:32  Roach x2  
  60  5:33  Overlord  
  66  5:45  Spine Crawler  
  65  5:51  Drone  
  65  5:52  Drone x3  
  65  5:54  Zergling x2, Roach x2  
  73  5:57  Spine Crawler  
  65  6:20  Zergling x10  
  65  6:21  Zergling x4, Roach x2  
  65  6:22  Zergling x2  
  74  6:38  Hydralisk Den  
  73  6:42  Drone  
  74  6:49  Overlord x4  
  74  6:57  Overlord x2  
  74  7:09  Drone x5  
  74  7:13  Overlord x3  
  74  7:14  Overlord  
  74  7:15  Pneumatized Carapace  
  79  7:16  Zergling x2  
  79  7:17  Zergling x2, Roach x3  
  79  7:18  Roach  
  79  7:21  Glial Reconstitution  
  89  7:28  Evolution Chamber  
  88  7:31  Evolution Chamber  
  88  7:34  Hydralisk x2  
  88  7:35  Roach x2  
  70  8:01  Hydralisk  
  70  8:02  Hydralisk x3, Roach x6  
  70  8:03  Roach x2  
  94  8:10  Drone  
  95  8:13  Extractor  
  95  8:14  Overlord x2  
  95  8:17  Overseer x2  
  94  8:22  Queen x2, Infestation Pit  
  94  8:25  Drone  
  94  8:26  Drone  
  99  8:27  Drone  
  99  8:32  Drone  
  99  8:33  Drone  
  102  8:35  Drone  
  102  8:39  Ravager x2  
  105  8:44  Drone x3  
  108  8:50  Drone x2  
  108  8:51  Drone  
  108  8:52  Drone  
  108  8:53  Drone x2  
  108  8:55  Drone x3  
  117  9:11  Hydralisk x3  
  117  9:12  Roach x3  
  125  9:45  Zergling x26  
  138  10:00  Drone x2, Extractor  
  138  10:03  Drone  
  140  10:08  Hatchery  
  140  10:11  Burrow  
  125  10:40  Zergling x2  
  125  10:41  Roach, Hydralisk x5  
  125  10:42  Hydralisk x3, Roach x5  
  146  10:43  Roach  
  140  11:02  Hydralisk  
  140  11:03  Roach x2, Hydralisk  
  143  11:12  Drone x3  
  134  11:21  Drone  
  134  11:22  Nydus Network  
Tags
 
Add a new tag
Caveats
  • Supply blocks, unpowered buildings, or Contaminate may cause inaccurate times.
  • Supply counts are checked every 10 seconds.